 Dungeon Crawl Stone Soup version 0.31-a0-1074-g0b22e4e0f1 (webtiles) character file.

Game seed: 11488970858431413776

34 Dirtsage the Slasher (level 3, 29/29 HPs)
             Began as a Demonspawn Monk on Nov 26, 2023.
             Quit the game on level 2 of the Dungeon.
             The game lasted 00:01:30 (933 turns).

Dirtsage the Slasher (Demonspawn Monk)               Turns: 933, Time: 00:01:30

Health: 29/29      AC:  5    Str: 11    XL:     3   Next: 14%
Magic:  3/3        EV: 11    Int: 13    God:
Gold:   97         SH:  0    Dex: 17    Spells: 2/2 levels left

rFire   . . .        a - +0 falchion
rCold   . . .        d - orb {light}
rNeg    . . .        k - +0 ring mail
rPois   .            (no helmet)
rElec   .            (no cloak)
rCorr   .            (no gloves)
SInv    .            (no boots)
Will    .....        (no amulet)
Stlth   +            (no ring)
HPRegen 0.24/turn    (no ring)
MPRegen 0.08/turn

%: no passive effects
@: glowing
A: big brain 1, demonic magic 1
a: no special abilities


You were on level 2 of the Dungeon.
You visited 1 branch of the dungeon, and saw 2 of its levels.

You collected 97 gold pieces.

Inventory:

Hand Weapons
 a - a +0 falchion (weapon)
Missiles
 l - 3 curare-tipped darts
Armour
 b - a +0 robe
 d - an orb of light (worn)
 j - a +0 leather armour
 k - a +0 ring mail (worn)
Magical Staves
 e - a staff of cold
Jewellery
 F - a ring of protection from fire
 N - a ring of positive energy
Wands
 n - a wand of flame (5)
Scrolls
 g - a scroll of immolation {unknown}
 h - a scroll of poison {unknown}
 o - a scroll of enchant weapon {unknown}
Potions
 c - a potion of ambrosia
 f - a potion of curing {unknown}
 i - a potion of mutation {unknown}
 m - a potion of haste {unknown}


   Skills:
 - Level 3.0 Fighting
 + Level 3.9 Long Blades
 - Level 2.6 Dodging


You had 2 spell levels left.
You didn't know any spells.
Your spell library was empty.

Dungeon Overview and Level Annotations

Branches:
Dungeon (2/15)

Altars:


Innate Abilities, Weirdness & Mutations

You have an unusually large brain. (Int +2)
Spells you cast may paralyse adjacent enemies.


Message History

You now have 45 gold pieces (gained 15).
You now have 60 gold pieces (gained 15).
You see here a hobgoblin corpse.
You now have 71 gold pieces (gained 11).
You see here a giant cockroach corpse.
l - 3 curare-tipped darts Health restored: 24
m - an inky potion
Found a stone staircase leading down.
There is a stone staircase leading down here.
n - a wand of flame (5)
You now have 76 gold pieces (gained 5).
o - a scroll labelled NAXKAO PAOLITU You see here a +0 whip of pain.
You now have 87 gold pieces (gained 11).
You now have 97 gold pieces (gained 10).
An adder comes into view.
An adder is nearby!
You hit the adder.
The adder is heavily wounded.
The adder closely misses you.
You hit the adder.
The adder is almost dead.
The adder closely misses you. The adder barely misses you.
You hit the adder but do no damage.
The adder is almost dead.
The adder misses you. The adder bites you but does no damage.
An adder is nearby!
You completely miss the adder.
The adder is almost dead.
The adder closely misses you.
You slash the adder!
You kill the adder!
You have reached level 3!
Your experience leads to an increase in your attributes!
Increase (s)trength, (i)ntelligence, or (d)exterity?
You feel agile. x2; Your demonic ancestry asserts itself...
Your brain expands.
Health restored: 29; MP restored: 3 Are you sure you want to abandon this character and quit the game? (Confirm with "yes".)

#.# # #.# ##..###.##
.......... #.##
#.###.#. ### #.......
##.######.#....#####.#.
#.#...@†...............
##.######.####.#####...
#.# ##.. #.# #.<) #.#
#.## #.# #. #.# #.##
#.# ####... #.# .......


There were no monsters in sight!

Vanquished Creatures
  An adder (D:2)
  2 bats (D:1)
  5 endoplasms
  2 giant cockroaches
  2 hobgoblins (D:2)
  3 jackals (D:1)
  A kobold (D:1)
  2 frilled lizards (D:1)
  4 rats (D:1)
22 creatures vanquished.

Notes
Turn   | Place    | Note
-------+----------+-------------------------------------------
     0 | D:1      | Dirtsage the Demonspawn Monk began the quest for the Orb.
     0 | D:1      | Reached XP level 1. HP: 18/18 MP: 1/1
   171 | D:1      | Gained mutation: Spells you cast may paralyse adjacent
                  | enemies. [demonic ancestry]
   171 | D:1      | Reached XP level 2. HP: 24/24 MP: 2/2
   933 | D:2      | Gained mutation: You have an unusually large brain. (Int
                  | +2) [demonic ancestry]
   933 | D:2      | Reached XP level 3. HP: 29/29 MP: 3/3
   933 | D:2      | Quit the game

Illustrated notes

Levels and vault maps discovered:
D:1:      elethiomel_arrival_infinity_welcomes_careful_drivers, layout_rooms,
          wander_ebering_terrifying_dragon_lair
D:2:      layout_loops_ring

Skill      XL: |  1 |
---------------+----+-----
Long Blades    | 3 |  3.9
Fighting       | |  3.0
Dodging        | |  2.6

Action                     || total
---------------------------++-------
  Melee: Falchion          ||    70
 Armour: Robe              ||    28
         Ring mail         ||     6
         Leather armour    ||     2
  Dodge: Dodged            ||    47

Table legend: (Time is in decaauts)
 A = Elapsed time spent in this place.
 B = Non-inter-level travel time spent in this place.
 C = Inter-level travel time spent in this place.
 D = Time resting spent in this place.
 E = Time spent auto-exploring this place.
 F = Levels seen in this place.
 G = Mean time per level.
                   A        B        C        D        E       F      G
               +--------+--------+--------+--------+--------+-----+--------+
         Total |    942 |    919 |     23 |     46 |    656 |   2 |  471.0 |
       Dungeon |    942 |    919 |     23 |     46 |    656 |   2 |  471.0 |
               +--------+--------+--------+--------+--------+-----+--------+

Top non-repeatable levels by time:
     D:1: 658 daAuts
     D:2: 284 daAuts
